Map: Dasan Station LE

Players

Elazer - Winner!

  • Race: Zerg Zerg

uThermal

  • Race: Terran Terran

Event: IEM Season 11 - Shanghai

VOD

https://www.youtube.com/watch?v=1c_N3J4xBW4

Description

Time

  • Played on: July 29, 2016, 6:47 a.m.
  • Length: 15:21

All games in this series

Show
View Real Time Build Order
Export as new Build Order

Elazer Zerg - Winner!

Build Orders: Hatch First 

Get SALT Encoding   

  12  0:00  Drone  
  13  0:11  Overlord  
  13  0:16  Drone  
  14  0:30  Drone x2  
  14  0:33  Drone  
  17  0:51  Hatchery  
  17  0:54  Drone  
  18  0:57  Drone  
  18  1:07  Extractor  
  17  1:12  Spawning Pool  
  17  1:14  Drone  
  17  1:18  Drone  
  18  1:27  Drone  
  19  1:38  Overlord  
  19  1:58  Queen  
  19  1:59  Zergling x2  
  19  2:00  Zergling x2  
  23  2:03  Queen, Zergling x2  
  23  2:06  Metabolic Boost  
  26  2:14  Zergling x2  
  27  2:21  Drone x2  
  29  2:24  Drone  
  30  2:32  Drone  
  31  2:40  Queen  
  33  2:46  Pneumatized Carapace  
  33  2:55  Overlord  
  32  2:58  Zergling x2  
  32  3:00  Zergling x4  
  32  3:05  Overlord  
  35  3:07  Zergling x2  
  36  3:15  Zergling x6  
  39  3:27  Evolution Chamber  
  37  3:28  Zergling x6  
  40  3:37  Zergling x6  
  42  3:45  Zergling x2  
  43  3:50  Zergling x4  
  43  3:54  Zergling x4  
  47  3:57  Zergling x2  
  47  4:10  Zergling x10  
  51  4:21  Zergling x2  
  49  4:31  Zergling x4  
  45  4:41  Zergling x2  
  45  4:42  Zergling x2  
  46  4:46  Zergling x4  
  46  4:48  Queen  
  50  4:56  Drone  
  50  4:59  Overlord  
  50  5:00  Queen  
  48  5:08  Drone x2  
  49  5:14  Zerg Missile Weapons Level 1  
  49  5:15  Drone x2, Roach Warren  
  50  5:27  Drone x2  
  50  5:36  Drone  
  50  5:37  Drone  
  52  5:49  Drone x2  
  54  5:51  Extractor  
  54  5:52  Lair  
  54  5:56  Hatchery  
  52  5:59  Drone x2  
  54  6:10  Drone  
  54  6:11  Drone x2  
  50  6:12  Drone x2  
  50  6:13  Drone  
  50  6:15  Drone  
  50  6:16  Drone  
  52  6:25  Drone  
  50  6:39  Overlord  
  48  6:40  Roach  
  48  6:41  Roach  
  48  6:44  Roach  
  48  6:47  Queen  
  53  6:48  Roach  
  57  6:54  Glial Reconstitution  
  57  6:57  Overlord, Roach  
  57  6:58  Roach x2  
  57  6:59  Roach x2  
  67  7:04  Overlord  
  67  7:10  Roach x3  
  67  7:11  Overlord  
  67  7:13  Extractor  
  67  7:14  Extractor  
  71  7:20  Overlord  
  71  7:23  Overlord  
  71  7:29  Roach  
  73  7:33  Overlord  
  73  7:35  Roach x2  
  77  7:52  Roach x2  
  77  7:53  Roach x4  
  77  7:56  Overlord  
  77  7:57  Queen  
  87  8:03  Overlord  
  87  8:05  Drone x6  
  90  8:12  Overlord  
  90  8:19  Zerg Missile Weapons Level 2  
  88  8:20  Drone x2  
  88  8:21  Drone x2  
  88  8:24  Drone  
  93  8:32  Overlord  
  93  8:39  Overlord  
  94  8:41  Roach x6  
  94  8:47  Overlord  
  104  8:50  Roach x2  
  108  8:55  Overlord  
  108  8:58  Drone  
  108  9:00  Evolution Chamber  
  108  9:02  Overlord  
  108  9:07  Ravager x2  
  108  9:08  Ravager  
  108  9:09  Ravager, Overlord  
  112  9:12  Drone x6  
  112  9:14  Extractor x2  
  112  9:15  Drone  
  117  9:18  Overlord  
  117  9:19  Drone  
  117  9:20  Drone  
  119  9:24  Overlord  
  119  9:25  Zerg Ground Armor Level 1  
  119  9:31  Overlord  
  121  9:38  Roach x6  
  123  9:49  Overlord  
  115  9:54  Roach  
  115  9:55  Roach x8  
  116  10:02  Overlord  
  116  10:06  Drone x2  
  102  10:07  Queen  
  102  10:08  Queen  
  102  10:12  Drone x2  
  104  10:18  Drone  
  105  10:25  Tunneling Claws  
  105  10:31  Burrow  
  105  10:34  Drone  
  106  10:37  Drone  
  106  10:39  Drone  
  108  10:43  Drone  
  108  10:49  Drone x2  
  111  10:53  Ravager x2  
  111  10:54  Ravager  
  114  10:59  Overlord  
  114  11:08  Overlord  
  114  11:10  Drone x3  
  118  11:11  Drone x3  
  118  11:15  Drone, Infestation Pit  
  118  11:17  Drone  
  121  11:19  Drone  
  121  11:20  Drone  
  121  11:23  Drone  
  121  11:24  Drone  
  125  11:30  Drone  
  125  11:31  Drone x2  
  126  11:34  Drone x2  
  126  11:36  Drone x2  
  126  11:55  Roach x4  
  134  12:03  Hatchery, Roach  
  134  12:04  Roach x3  
  134  12:06  Overlord  
  141  12:09  Roach x13  
  141  12:11  Roach  
  141  12:12  Roach  
  141  12:15  Roach x12  
  145  12:18  Overlord  
  145  12:21  Roach x3  
  151  12:36  Overlord  
  131  12:44  Roach x5  
  131  12:47  Zerg Ground Armor Level 2  
  131  12:48  Infestor x2  
  142  12:52  Roach  
  142  13:02  Hatchery  
  142  13:03  Overlord  
  139  13:10  Overlord  
  139  13:13  Roach  
  139  13:14  Infestor  
  139  13:15  Infestor  
  139  13:17  Hive  
  143  13:24  Roach x3  
  149  13:30  Overlord  
  149  13:33  Roach  
  149  13:34  Roach  
  153  13:41  Roach x2  
  157  13:46  Overlord  
  157  13:50  Roach x2  
  157  13:52  Ravager x3  
  159  14:04  Drone, Ravager x3  
  159  14:05  Ravager x5  
  158  14:17  Overlord  
  158  14:27  Roach  
  158  14:28  Roach  
  158  14:30  Overlord  
  156  14:52  Roach  
  154  14:56  Roach x6  
  154  14:59  Roach x10  
Show
View Real Time Build Order
Export as new Build Order

uThermal Terran 

Build Orders: Reaper Expand, MMM Bio 

Get SALT Encoding   

  12  0:01  SCV  
  13  0:13  SCV  
  14  0:18  Supply Depot  
  14  0:25  SCV  
  15  0:39  SCV  
  15  0:41  Barracks  
  16  0:45  Refinery  
  16  0:51  SCV  
  17  1:03  SCV  
  18  1:16  SCV  
  19  1:28  Reaper  
  19  1:29  Orbital Command  
  20  1:39  Command Center  
  20  1:51  Barracks  
  20  1:56  SCV  
  21  2:02  Barracks Reactor  
  21  2:08  Supply Depot  
  21  2:09  SCV  
  22  2:21  SCV  
  23  2:26  Supply Depot  
  23  2:29  Refinery  
  22  2:33  SCV  
  23  2:39  Barracks Tech Lab, Marine x2  
  25  2:45  Factory  
  25  2:56  Orbital Command  
  25  2:59  SCV  
  25  3:01  Marine  
  25  3:04  Marine  
  28  3:06  Marine  
  29  3:13  Engineering Bay  
  29  3:18  SCV  
  30  3:24  Marine  
  31  3:27  Supply Depot  
  31  3:28  Marine  
  31  3:37  Bunker  
  31  3:41  Supply Depot  
  31  3:44  Marine  
  32  3:50  Bunker  
  32  3:52  Marine  
  32  3:55  Stimpack  
  32  3:59  Marine  
  32  4:02  Marine  
  34  4:14  Starport  
  34  4:15  Factory Reactor  
  35  4:22  Marine  
  34  4:24  Factory Tech Lab  
  34  4:26  SCV  
  28  4:49  Siege Tank  
  28  4:52  Marine  
  31  4:54  Marine  
  32  5:13  Supply Depot  
  32  5:17  Starport  
  32  5:27  Starport  
  30  5:33  Marine  
  30  5:34  Marine  
  31  5:36  SCV  
  31  5:37  Supply Depot, Barracks  
  32  5:43  Orbital Command  
  32  5:48  SCV  
  33  5:51  Marine  
  33  5:52  Marine  
  33  5:55  Factory Reactor  
  35  6:00  SCV  
  36  6:07  Supply Depot  
  36  6:09  SCV  
  34  6:12  SCV  
  29  6:21  SCV  
  29  6:24  SCV  
  28  6:33  SCV  
  28  6:36  Marine, SCV  
  28  6:48  SCV  
  28  6:50  Medivac  
  31  6:57  Marine x2  
  31  7:01  SCV  
  33  7:10  Engineering Bay  
  33  7:11  Supply Depot, Engineering Bay  
  33  7:13  Orbital Command, SCV  
  33  7:14  Combat Shields, Marine  
  33  7:15  Marine x2  
  37  7:22  Supply Depot  
  37  7:23  Starport Reactor  
  37  7:25  SCV  
  37  7:26  Siege Tank  
  41  7:30  Marine  
  41  7:32  Marine x2  
  44  7:37  Supply Depot, SCV  
  44  7:39  SCV  
  46  7:49  SCV  
  45  7:52  SCV  
  45  7:54  Marine  
  42  8:01  SCV  
  42  8:02  Siege Tank  
  42  8:04  SCV  
  46  8:10  Marine  
  46  8:12  Marine  
  47  8:13  SCV  
  47  8:16  SCV  
  47  8:19  Terran Infantry Weapons Level 1  
  48  8:21  Marine x2  
  48  8:23  Bunker  
  48  8:25  SCV  
  51  8:28  Marine, SCV  
  51  8:29  Marine  
  51  8:32  Terran Infantry Armor Level 1  
  54  8:37  SCV  
  54  8:41  Siege Tank  
  58  8:44  SCV  
  58  8:48  Medivac  
  61  8:49  SCV  
  61  8:50  Refinery  
  61  8:52  Refinery  
  61  8:58  Marine x2  
  61  8:59  Marine  
  61  9:02  SCV  
  67  9:04  Supply Depot  
  67  9:06  Supply Depot, Marine  
  66  9:15  Medivac  
  66  9:16  Marine x2  
  70  9:22  Supply Depot  
  70  9:26  Marine, SCV  
  70  9:28  Medivac  
  70  9:30  Marine  
  75  9:34  Marine x2  
  77  9:40  Siege Tank  
  77  9:42  SCV  
  77  9:43  Marine  
  73  9:49  Marine  
  73  9:52  Marine  
  74  9:55  Marine  
  70  10:01  Marine  
  66  10:07  Marine  
  66  10:09  Marine  
  66  10:12  Marine  
  66  10:19  Marine  
  65  10:23  Siege Tank  
  65  10:25  Marine  
  65  10:27  Marine  
  70  10:30  Marine  
  71  10:37  Marine, Medivac, Barracks  
  71  10:39  Medivac  
  76  10:43  Marine  
  76  10:48  Supply Depot, Marine  
  78  10:50  Marine  
  78  10:51  Supply Depot  
  78  10:55  Marine  
  80  11:05  Supply Depot  
  80  11:06  Supply Depot, Marine  
  80  11:07  Medivac  
  80  11:10  Siege Tank  
  86  11:13  Marine  
  86  11:15  Supply Depot  
  85  11:21  Marine  
  85  11:24  Medivac  
  86  11:27  Marine x2  
  87  11:40  Armory  
  87  11:46  Marine x2  
  88  11:47  Marine  
  89  11:55  Siege Tank  
  89  11:59  Marine  
  93  12:09  Marine x2  
  96  12:16  Supply Depot  
  96  12:21  Missile Turret  
  95  12:25  Marine x2  
  95  12:27  Marine  
  97  12:30  Marine  
  85  12:42  Marine, Siege Tank  
  87  12:46  Missile Turret  
  84  13:00  Marine  
  84  13:02  Marine x2  
  87  13:08  Marine  
  88  13:18  Marine  
  89  13:20  Marine  
  89  13:23  Marine  
  85  13:36  Siege Tank  
  86  13:44  Marine  
  86  13:46  Marine  
  87  13:49  Marine  
  87  13:51  Marine  
  87  13:56  Marine  
  87  14:05  Marine x2  
  89  14:14  Siege Tank  
  89  14:16  Marine  
  93  14:18  Marine  
  93  14:22  Marine  
  95  14:30  Marine  
  92  14:41  Missile Turret  
  91  14:46  Marine x3  
  91  14:49  Marine  

Tags
 
Add a new tag
Caveats
  • Supply blocks, unpowered buildings, or Contaminate may cause inaccurate times.
  • Supply counts are checked every 10 seconds.